 Dungeon Crawl Stone Soup version 0.14-a0-2162-g062a2ce (webtiles) character file.

160638 4tharraofdagon the Severer (level 17, 0/93 HPs)
             Began as a Vine Stalker Berserker on Jan 28, 2014.
             Was an Elder of Trog.
             Succumbed to a greater naga's poison arrow
             ... on Level 5 of the Snake Pit.
             The game lasted 02:01:19 (13005 turns).

4tharraofdagon the Severer (VSBe)                  Turns: 13005, Time: 02:01:19

HP   0/93        AC 22     Str 25      XL: 17   Next: 44%
MP   1/14        EV 18     Int 12      God: Trog [****..]
Gold 1136        SH  0     Dex 17      Spells:  0 memorised, 16 levels left

rFire  + . .     SeeInvis .     G - +3,+5 battleaxe (antimagic)
rCold  . . .     Clarity  .     x - +2 swamp dragon armour
rNeg   + . .     Conserve .     (no shield)
rPois  +         rCorr    .     N - +3 hat of Pondering {ponderous, MR+ MP+10 Int+5}
rElec  .         rRot     +     o - +2 cloak
SustAb . .       Spirit   +     L - +1 pair of gloves
rMut   .         Warding  +     s - -2 pair of boots of the Shore {MR++ Dex+1 Dam+4}
Saprov . . .     Stasis   .     j - amulet of warding
MR     +++++                    K - ring of protection from fire
                                b - ring of regeneration

@: regenerating, exhausted, quite poisoned, slowed, very slow, almost entirely
resistant to hostile enchantments, very unstealthy
A: fangs 3, regeneration 3, magic shield, antimagic bite, no device heal
a: Burn Spellbooks, Berserk, Trog's Hand, Brothers in Arms, Renounce Religion
}: 1/15 runes: decaying


You were on level 5 of the Snake Pit.
You worshipped Trog.
Trog was greatly pleased with you.
You were hungry.

You visited 6 branches of the dungeon, and saw 37 of its levels.

You collected 3079 gold pieces.
You spent 1943 gold pieces at shops.

Inventory:

Hand weapons
 G - a +3,+5 anti-magic battleaxe (weapon)
 M - a +4,+7 dwarven executioner's axe of holy wrath
 R - a +0 blowgun
 X - a +0,+5 dwarven battleaxe of flaming
Missiles
 y - 2 curare-tipped needles
Armour
 a - a +3 dwarven shield of protection
 k - a +2 troll leather armour
 o - a +2 cloak (worn)
 q - the +2 pair of boots of the Assassin {Stlth++}
   (You acquired it on level 8 of the Lair of Beasts)

   It makes you much more stealthy.
 s - the -2 pair of boots of the Shore (worn) {MR++ Dex+1 Dam+4}
   (You found it on level 5 of the Dungeon)

   It affects your dexterity (+1).
   It affects your damage with ranged weapons and melee attacks (+4).
   It affects your resistance to hostile enchantments.
 x - a +2 swamp dragon armour (worn)
 L - a +1 pair of gloves (worn)
 N - the +3 hat of Pondering (worn) {ponderous, MR+ MP+10 Int+5}
   (You took it off Gastronok on level 9 of the Dungeon)

   It affects your intelligence (+5).
   It affects your resistance to hostile enchantments.
   It affects your magic capacity (+10).
Magical devices
 m - a wand of fire (10)
 p - a wand of digging (14)
 r - a wand of digging (16)
 t - a wand of digging (12)
 v - a wand of disintegration (18)
Comestibles
 c - 10 bread rations
 A - 8 meat rations
Scrolls
 i - 3 scrolls of teleportation
 n - a scroll of noise
 E - 2 scrolls of fog
 J - 7 scrolls of remove curse
Jewellery
 b - a ring of regeneration (left hand)
 j - an amulet of warding (around neck)
 D - an uncursed amulet of resist corrosion
 K - a ring of protection from fire (right hand)
 Q - an uncursed amulet of resist mutation
 U - an uncursed ring of fire
Potions
 d - 6 potions of brilliance
 f - a potion of porridge
 g - a potion of restore abilities
 l - 4 potions of speed
 w - a potion of flight
 z - a potion of lignification
 C - a potion of berserk rage
 I - 21 potions of curing
 P - a potion of cure mutation
 W - 4 potions of agility
 Y - 2 potions of might
 Z - a potion of mutation {unknown}
Books
 B - a tome of Destruction
 F - a book of War Chants

   Spells                             Type                      Level
   Fire Brand                         Charms/Fire                  2
   Freezing Aura                      Charms/Ice                   2
   Shroud of Golubria                 Charms/Translocation         2
   Repel Missiles                     Charms/Air                   2
   Poison Weapon                      Charms/Poison                3
   Regeneration                       Charms/Necromancy            3
   Trog disapproves of the use of such an item.
 O - a book of Burglary

   Spells                             Type                      Level
   Apportation                        Translocation                1
   Swiftness                          Charms/Air                   2
   Passwall                           Transmutation/Earth          3
   Passage of Golubria                Translocation                4
   Lee's Rapid Deconstruction         Earth                        5
   Darkness                           Hexes                        7
   Trog disapproves of the use of such an item.
 S - a book of Control

   Spells                             Type                      Level
   Control Teleport                   Charms/Translocation         4
   Control Undead                     Necromancy                   4
   Enslavement                        Hexes                        4
   Mass Confusion                     Hexes                        6
   Metabolic Englaciation             Hexes/Ice                    6
   Trog disapproves of the use of such an item.
 V - a book of Party Tricks

   Spells                             Type                      Level
   Summon Butterflies                 Summoning                    1
   Apportation                        Translocation                1
   Blink                              Translocation                2
   Alistair's Intoxication            Transmutation/Poison         4
   Tukima's Dance                     Hexes                        5
   Trog disapproves of the use of such an item.
Magical staves
 u - an uncursed staff of energy
 T - an uncursed staff of wizardry
Miscellaneous
 e - a lantern of shadows
 H - a lamp of fire (inert)


   Skills:
 + Level 11.8 Fighting
 * Level 15.5 Axes
 + Level 14.6 Armour
 + Level 10.7 Dodging
 + Level 11.8 Evocations


You had 16 spell levels left.
You didn't know any spells.

Dungeon Overview and Level Annotations

Branches:
Dungeon (12/16)            Temple (0/1) D:5             Orc (4/4) D:10
    Elf (3/3) Orc:4          Lair (8/8) D:11          Swamp (5/5) Lair:3
  Snake (5/5) Lair:5        Slime (0/6) Lair:6

Altars:
Dithmengos
Kikubaaqudgha
Yredelemnul
Beogh

Shops:
D:12 /   Orc:2 (   Orc:3 *   Orc:4 [*(%*


Innate Abilities, Weirdness & Mutations

You have razor-sharp teeth.
You regenerate.
When hurt, damage is shared between your health and your magic reserves.
Your bite disrupts and absorbs the magic of your enemies.
Potions and wands cannot restore your HP.


Message History

You hit the naga warrior.
The naga warrior is severely wounded.
* * * LOW HITPOINT WARNING * * *
You feel sick.
Your fire elemental completely misses the greater naga.
You hear a shout!
The naga warrior hits you!
* * * LOW HITPOINT WARNING * * *
The naga warrior constricts you.
Your fire elemental misses the greater naga.
The greater naga is engulfed in roaring flames.
The greater naga closely misses you.
Unknown command.
Unknown command.
Unknown command.
Unknown command.
Unknown command.
Unknown command.
You escape the naga warrior's grasp.
You die...

##≈N≈≈ ###≈≈≈.≈≈
##...≈≈.≈≈≈
##...N....≈≈
#)§###≈≈≈.≈≈ #)E#
≈$. #§N## ≈ #####
##N.## ##≈≈≈##
##)@#### ##.≈≈≈.##
#.O##.###.......###
#....#.............
##.....#)........#.
##..#)))..........
###.##.........##
#######'#'####
###)....###
##..)≈≈≈...#


You could see a naga warrior, a greater naga, a friendly fire elemental and a
friendly ogre (berserk).

Vanquished Creatures
  2 deep elf master archers (Elf:3)
  The ghost of lorenz the Tortoise, a mighty FoFi of Dithmengos (Swamp:3)
  2 deep elf blademasters (Elf:3)
  Gastronok (D:9)
  6 deep elf sorcerers
  4 greater nagas
  5 deep elf demonologists (Elf:3)
  8 deep elf annihilators (Elf:3)
  A dire elephant (Lair:8)
  6 deep elf death magi (Elf:3)
  A minotaur (shapeshifter) (Elf:2)
  2 deep elf high priests (Elf:3)
  8 hydras
  4 anacondas
  8 death yaks
  3 alligators
  A deep troll shaman (Lair:8)
  4 ogre magi (Orc:4)
  12 naga warriors
  An orc high priest (Elf:3)
  A catoblepas (Lair:8)
  7 deep elf knights
  An iron troll (Orc:2)
  Erolcha (D:8)
  10 swamp dragons (Swamp:5)
  A hill giant (D:10)
  6 sea snakes (Snake:5)
  2 orc sorcerers
  2 griffons
  5 deep elf conjurers
  A cyclops (D:12)
  A red wasp (Swamp:3)
  12 black mambas
  A draconian (shapeshifter) (Elf:1)
  5 elephants (Lair:8)
  8 deep elf summoners
  11 guardian serpents
  A feature mimic (Orc:3)
  6 spiny frogs
  An item mimic (Lair:4)
  2 centaur zombies
  A fire drake (Lair:3)
  9 naga magi
  2 komodo dragons
  4 deep elf priests
  2 giant leeches (Swamp:5)
  4 baby alligators (Swamp:5)
  8 trolls
  A raven (Swamp:3)
  A bog body (Swamp:2)
  2 basilisks
  A shadow (D:11)
  12 slime creatures
  15 two-headed ogres (Orc:4)
  A grizzly bear (Lair:8)
  2 sharks
  A fire dragon skeleton (D:12)
  8 deep elf magi
  A golden eye (shapeshifter) (Elf:2)
  A wyvern (D:9)
  Eustachio (D:6)
  An elephant slug (Lair:5)
  28 yaks
  4 hippogriffs
  19 swamp worms
  11 vampire mosquitoes
  A wolf (Lair:8)
  Edmund (D:9)
  15 deep elf fighters
  8 swamp drakes
  7 giant goldfish
  20 nagas
  4 porcupines
  A yellow wasp (D:9)
  2 black bears (Lair:8)
  26 ogres
  5 orc warriors
  3 centaurs
  3 boring beetles (D:11)
  4 wargs
  4 crocodiles
  A phantom (D:10)
  5 giant slugs
  A big kobold (D:10)
  11 giant frogs
  A cyclops zombie (D:8)
  18 water moccasins
  4 agate snails
  A vampire bat (D:5)
  10 killer bees
  6 electric eels
  3 jellyfish
  5 crimson imps
  A goliath beetle (D:10)
  22 orc priests
  9 iguanas
  7 hounds
  2 jellies
  30 orc wizards
  3 big fish
  A giant frog zombie (D:8)
  9 worker ants
  2 scorpions
  An orange rat (Elf:2)
  2 sky beast zombies
  The ghost of 4tharraofdagon the Firebug, a weakling DgFE (D:5)
  55 green rats
  An orc zombie (D:7)
  16 adders
  6 giant centipedes
  3 gnolls (D:6)
  A giant mite (D:3)
  A worm (D:4)
  2 giant geckos
  117 orcs
  9 bats
  4 bat skeletons (D:5)
  A bat zombie (D:5)
  4 giant cockroaches
  9 goblins
  12 hobgoblins
  5 jackals
  7 kobolds
  5 quokkas
  A ball python skeleton (D:6)
  2 giant newts
  2 hobgoblin skeletons
  A kobold skeleton (D:7)
  10 rats
  2 rat skeletons (D:4)
  A ballistomycete (D:11)
  A fungus (Lair:8)
  3 plants
846 creatures vanquished.

Vanquished Creatures (collateral kills)
  the Lernaean hydra (Swamp:5)
  Wiglaf (Snake:4)
  Snorg (Lair:8)
  A salamander (Snake:4)
  4 hydras
  2 naga warriors
  2 swamp dragons (Swamp:5)
  A sea snake (Snake:5)
  A guardian serpent (Snake:4)
  2 naga magi (Snake:4)
  A fire drake (Lair:8)
  A giant leech (Lair:3)
  5 wolves (Lair:8)
  A swamp worm (Lair:3)
  2 nagas
26 creatures vanquished.

Vanquished Creatures (others)
  A deep troll (Snake:4)
  4 trolls
  A fire elemental (Snake:5)
  A naga (Snake:3)
  3 ogres
  A water moccasin (Snake:4)
  An adder (D:10)
  A giant spore (D:11)
  A fungus (Lair:7)
14 creatures vanquished.

Grand Total: 886 creatures vanquished

Notes
Turn   | Place    | Note
--------------------------------------------------------------
     0 | D:1      | 4tharraofdagon, the Vine Stalker Berserker, began the quest for the Orb.
     0 | D:1      | Reached XP level 1. HP: 11/11 MP: 1/1
    98 | D:2      | Reached XP level 2. HP: 14/16 MP: 3/3
   210 | D:3      | Reached skill level 3 in Axes
   355 | D:4      | Found a shadowy altar of Dithmengos.
   363 | D:4      | Reached XP level 3. HP: 7/19 MP: 4/4
   404 | D:5      | Entered Level 5 of the Dungeon
   404 | D:5      | Found a basalt altar of Yredelemnul.
   417 | D:5      | Noticed 4tharraofdagon's ghost (weakling DgFE)
   432 | D:5      | Killed 4tharraofdagon's ghost
   501 | D:6      | Noticed a giant frog
   502 | D:6      | Acquired Trog's second power
   503 | D:6      | Reached XP level 4. HP: 24/24 MP: 5/5
   504 | D:6      | Reached XP level 5. HP: 28/28 MP: 7/7
   509 | D:6      | Killed a giant frog
   509 | D:6      | Reached skill level 4 in Axes
   577 | D:6      | Noticed Eustachio
   584 | D:6      | Killed Eustachio
   584 | D:6      | Gained mutation: You heal very quickly. [vine stalker growth]
   584 | D:6      | Reached XP level 6. HP: 32/32 MP: 8/8
   645 | D:6      | Noticed a centaur
   646 | D:5      | Found a staircase to the Ecumenical Temple.
   653 | D:5      | Noticed a yak
   653 | D:5      | Noticed a yak
   683 | D:5      | Killed a yak
   683 | D:5      | Reached skill level 5 in Axes
   683 | D:5      | Reached XP level 7. HP: 37/37 MP: 6/9
   684 | D:5      | Killed a yak
   750 | D:5      | Got a pair of polished boots
   753 | D:5      | Identified the cursed -2 pair of boots of the Shore {MR++ Dex+1 Dam+4} (You found it on level 5 of the Dungeon)
   956 | D:3      | Reached skill level 1 in Evocations
  1052 | D:4      | Gained mutation: You have razor-sharp teeth. [vine stalker growth]
  1052 | D:4      | Reached XP level 8. HP: 42/42 MP: 12/12
  1212 | D:5      | Found an ancient bone altar of Kikubaaqudgha.
  1316 | D:6      | Killed a centaur
  1509 | D:6      | Noticed a giant frog
  1514 | D:6      | Reached skill level 6 in Axes
  1516 | D:6      | Killed a giant frog
  1774 | D:8      | Noticed Erolcha
  1781 | D:8      | Killed Erolcha
  1781 | D:8      | Reached skill level 5 in Fighting
  1781 | D:8      | Reached skill level 7 in Axes
  1781 | D:8      | Reached XP level 9. HP: 28/47 MP: 15/17
  1986 | D:9      | Noticed Gastronok
  2017 | D:9      | Killed Gastronok
  2017 | D:9      | Reached skill level 8 in Axes
  2017 | D:9      | Reached skill level 5 in Armour
  2017 | D:9      | Reached skill level 5 in Dodging
  2017 | D:9      | Reached XP level 10. HP: 53/53 MP: 17/19
  2180 | D:7      | Acquired Trog's third power
  2314 | D:9      | Noticed Edmund
  2319 | D:9      | Killed Edmund
  2566 | D:10     | Entered Level 10 of the Dungeon
  2580 | D:10     | Reached skill level 5 in Evocations
  2584 | D:10     | Noticed a hill giant
  2595 | D:10     | Killed a hill giant
  2595 | D:10     | Reached skill level 9 in Axes
  2820 | D:10     | Reached XP level 11. HP: 58/58 MP: 22/22
  3175 | D:11     | Reached skill level 10 in Axes
  3220 | D:11     | Found a staircase to the Lair.
  3350 | Lair:1   | Entered Level 1 of the Lair of Beasts
  3494 | Lair:1   | Noticed a six-headed hydra
  3525 | Lair:1   | Killed a six-headed hydra
  3549 | Lair:1   | Noticed a six-headed hydra
  3986 | Lair:3   | Noticed a seven-headed hydra
  3994 | Lair:3   | Killed a seven-headed hydra
  4006 | Lair:3   | Found a staircase to the Swamp.
  4244 | Lair:4   | Received a gift from Trog
  4526 | Lair:5   | Found a staircase to the Snake Pit.
  4536 | Lair:6   | Found a staircase to the Slime Pits.
  4543 | Lair:6   | Gained mutation: You regenerate. [vine stalker growth]
  4543 | Lair:6   | Reached XP level 12. HP: 63/63 MP: 11/24
  4947 | Lair:7   | Noticed a six-headed hydra
  5009 | Lair:8   | Entered Level 8 of the Lair of Beasts
  5089 | Lair:8   | Noticed Snorg
  5096 | Lair:8   | Killed Snorg
  5096 | Lair:8   | Reached skill level 11 in Axes
  5174 | Lair:8   | Noticed a death yak
  5174 | Lair:8   | Noticed a death yak
  5174 | Lair:8   | Noticed a death yak
  5174 | Lair:8   | Noticed a death yak
  5174 | Lair:8   | Noticed a death yak
  5223 | Lair:8   | Killed a death yak
  5226 | Lair:8   | Killed a death yak
  5227 | Lair:8   | Killed a death yak
  5267 | Lair:8   | Noticed a dire elephant
  5268 | Lair:8   | Noticed a deep troll shaman
  5271 | Lair:8   | Killed a death yak
  5273 | Lair:8   | Killed a deep troll shaman
  5274 | Lair:8   | Killed a death yak
  5276 | Lair:8   | Killed a dire elephant
  5477 | Lair:8   | Identified a scroll of acquirement
  5530 | Lair:8   | Noticed a seven-headed hydra
  5538 | Lair:8   | Killed a seven-headed hydra
  5538 | Lair:8   | Reached XP level 13. HP: 67/69 MP: 12/26
  5579 | Lair:8   | Reached skill level 12 in Axes
  5590 | Lair:8   | Noticed a six-headed hydra
  5610 | Lair:8   | Killed a six-headed hydra
  5697 | Lair:7   | Noticed a death yak
  5697 | Lair:7   | Noticed a death yak
  5697 | Lair:7   | Noticed a death yak
  5708 | Lair:8   | Killed a death yak
  5949 | Lair:7   | Killed a death yak
  5952 | Lair:7   | Killed a death yak
  6239 | Lair:3   | Noticed an eight-headed hydra
  6247 | Lair:3   | Killed an eight-headed hydra
  6668 | D:12     | Found Gheshad's Magical Wand Emporium.
  6952 | D:10     | Reached skill level 10 in Armour
  6972 | D:10     | Found a staircase to the Orcish Mines.
  6979 | Orc:1    | Entered Level 1 of the Orcish Mines
  7032 | Orc:1    | Received a gift from Trog
  7246 | Orc:2    | Found a roughly hewn altar of Beogh.
  7392 | Orc:2    | Found Khenugoh's Antique Weapon Boutique.
  7545 | Orc:3    | Found Raschuy's General Store.
  7567 | Orc:3    | Bought a potion of speed for 77 gold pieces
  7567 | Orc:3    | Bought a scroll of enchant armour for 77 gold pieces
  7567 | Orc:3    | Bought a scroll of identify for 28 gold pieces
  7631 | Orc:3    | Found Etaece's Distillery.
  7679 | Orc:3    | Bought a potion of speed for 71 gold pieces
  7679 | Orc:3    | Bought a potion of degeneration for 26 gold pieces
  7679 | Orc:3    | Bought a potion of curing for 26 gold pieces
  7679 | Orc:3    | Bought a potion of speed for 71 gold pieces
  7679 | Orc:3    | Bought a potion of curing for 26 gold pieces
  7679 | Orc:3    | Bought a potion of curing for 26 gold pieces
  7679 | Orc:3    | Bought a potion of agility for 32 gold pieces
  7679 | Orc:3    | Bought 2 potions of speed for 143 gold pieces
  7679 | Orc:3    | Bought a potion of speed for 71 gold pieces
  7827 | Orc:4    | Entered Level 4 of the Orcish Mines
  7921 | Orc:4    | Found Uhaud's Weapon Emporium.
  7976 | Orc:4    | Reached XP level 14. HP: 69/75 MP: 10/28
  7994 | Orc:4    | Received a gift from Trog
  8037 | Orc:4    | Reached skill level 13 in Armour
  8069 | Orc:4    | Found Skappaiz's Food Shop.
  8070 | Orc:4    | Found Saeguok's Assorted Antiques.
  8071 | Orc:4    | Found Cupolaz's Antique Armour Boutique.
  8082 | Orc:4    | Bought a distressingly furry scale mail for 385 gold pieces
  8099 | Orc:4    | Identified the +5 scale mail of Paranoia {Str+2 Dex+2} (You bought it in a shop on level 4 of the Orcish Mines)
  8301 | Orc:4    | Received a gift from Trog
  8376 | Orc:4    | Found a staircase to the Elven Halls.
  8437 | Orc:4    | Found Kleecw's General Store.
  8560 | Orc:4    | Bought a bronze plate armour for 840 gold pieces
  8580 | Orc:4    | Identified the +7 plate armour of Creativity {Dex+2 Int+2} (You bought it in a shop on level 4 of the Orcish Mines)
  8591 | Orc:4    | Bought a meat ration for 44 gold pieces
  8660 | Elf:1    | Entered Level 1 of the Elven Halls
  8756 | Elf:2    | Noticed a deep elf sorcerer
  8765 | Elf:2    | Killed a deep elf sorcerer
  8810 | Elf:3    | Entered Level 3 of the Elven Halls
  8919 | Elf:3    | Noticed a deep elf blademaster
  8946 | Elf:3    | Killed a deep elf blademaster
  8979 | Elf:3    | Received a gift from Trog
  9027 | Elf:3    | Noticed a deep elf blademaster
  9046 | Elf:3    | Killed a deep elf blademaster
  9083 | Elf:3    | Noticed a deep elf sorcerer
  9101 | Elf:3    | Killed a deep elf sorcerer
  9101 | Elf:3    | Reached skill level 10 in Fighting
  9117 | Elf:3    | Noticed a deep elf sorcerer
  9118 | Elf:3    | Noticed a deep elf sorcerer
  9128 | Elf:3    | Reached XP level 15. HP: 68/80 MP: 13/29
  9134 | Elf:3    | Killed a deep elf sorcerer
  9140 | Elf:3    | Killed a deep elf sorcerer
  9169 | Elf:3    | Noticed a Hell Sentinel
  9230 | Elf:3    | Noticed a deep elf master archer
  9241 | Elf:3    | Killed a deep elf master archer
  9278 | Elf:3    | Noticed a deep elf sorcerer
  9290 | Elf:3    | Killed a deep elf sorcerer
  9296 | Elf:3    | Received a gift from Trog
  9344 | Elf:3    | Noticed a deep elf sorcerer
  9366 | Elf:3    | Killed a deep elf sorcerer
  9366 | Elf:3    | Reached skill level 10 in Evocations
  9410 | Elf:3    | Noticed a deep elf master archer
  9441 | Elf:3    | Killed a deep elf master archer
  9636 | Elf:3    | Reached skill level 14 in Axes
  9687 | Elf:3    | Got a smoking scale mail
  9707 | Elf:3    | Identified the +1 scale mail of Rustro {rElec rPois} (You found it on level 3 of the Elven Halls)
 10173 | Elf:1    | Reached XP level 16. HP: 72/86 MP: 10/30
 10224 | Orc:3    | Found Haixzam's Gadget Shoppe.
 10229 | Orc:3    | Haixzam's Gadget Shoppe was a mimic.
 10857 | Lair:2   | Received a gift from Trog
 10919 | Swamp:1  | Entered Level 1 of the Swamp
 11187 | Swamp:5  | Entered Level 5 of the Swamp
 11331 | Swamp:5  | Reached skill level 10 in Dodging
 11374 | Swamp:5  | Noticed the 27-headed Lernaean hydra
 11382 | Swamp:5  | Killed the 25-headed Lernaean hydra
 11459 | Swamp:5  | Got a decaying rune of Zot
 11594 | Swamp:3  | Noticed lorenz's ghost (mighty FoFi)
 11619 | Swamp:3  | Killed lorenz's ghost
 11940 | Snake:1  | Entered Level 1 of the Snake Pit
 11977 | Snake:1  | Received a gift from Trog
 12324 | Snake:3  | Reached skill level 15 in Axes
 12428 | Snake:4  | Noticed Wiglaf
 12446 | Snake:4  | Killed Wiglaf
 12446 | Snake:4  | Reached XP level 17. HP: 41/91 MP: 5/32
 12495 | Snake:5  | Entered Level 5 of the Snake Pit
 12559 | Snake:5  | Received a gift from Trog
 13004 | Snake:5  | HP: 1/93 [naga warrior (7)]
 13005 | Snake:5  | Succumbed to a greater naga's poison arrow

Action                   |  1- 3 |  4- 6 |  7- 9 | 10-12 | 13-15 | 16-18 || total
-------------------------+-------+-------+-------+-------+-------+-------++-------
Melee: Hand axe          |    64 |    24 |   155 |   360 |       |       ||   603
       Battleaxe         |       |       |       |   189 |   599 |   480 ||  1268
       War axe           |       |       |       |     4 |       |       ||     4
       Executioner's axe |       |       |       |       |   169 |       ||   169
       Unarmed           |       |       |       |       |       |    49 ||    49
Invok: Berserk           |     3 |     2 |     3 |     4 |     6 |     7 ||    25
       Trog's Hand       |       |       |     5 |    19 |    14 |    17 ||    55
       Brothers in Arms  |       |       |       |     5 |     4 |    10 ||    19
Evoke: Wand              |       |       |     3 |     6 |     7 |     2 ||    18
       Lamp of fire      |       |       |       |       |       |     2 ||     2
  Use: Potion            |     1 |       |       |     1 |     1 |     4 ||     7
       Scroll            |       |       |    10 |    14 |    23 |     8 ||    55
 Stab: Distracted        |       |       |       |       |       |     1 ||     1
